 Dungeon Crawl Stone Soup version 0.28.0 (webtiles) character file.

Game seed: 6436234323353117593

525 hawla the Conjurer (level 7, -1/50 HPs)
             Began as a Pale Draconian Conjurer on Feb 10, 2022.
             Slain by an orc warrior (6 damage)
             ... on level 5 of the Dungeon.
             The game lasted 00:11:45 (6147 turns).

hawla the Conjurer (Pale Draconian Conjurer)        Turns: 6147, Time: 00:11:46

Health: -1/50      AC:  9    Str:  9    XL:     7   Next: 2%
Magic:  1/14       EV: 12    Int: 20    God:
Gold:   131        SH:  0    Dex: 10    Spells: 5/15 levels left

rFire   . . .      SeeInvis .   c - staff of cold
rCold   + + .      Faith    .   (no shield)
rNeg    . . .      Spirit   .   (armour unavailable)
rPois   .          Reflect  .   (helmet restricted)
rElec   .          Harm     .   (no cloak)
rCorr   .          Rampage  .   (no gloves)
Will    .....      Rage     1%  f - +2 pair of boots
Stlth   ++........              (no amulet)
HPRegen 0.16/turn               b - ring of protection from cold
MPRegen 0.14/turn               (no ring)

@: very slightly contaminated
A: breathe steam, AC +6, unfitting armour, cold-blooded, steam resistance,
berserk 1
a: Breathe Steam


You were on level 5 of the Dungeon.
You visited 1 branch of the dungeon, and saw 5 of its levels.

You collected 131 gold pieces.

Inventory:

Hand Weapons
 l - a +0 quarterstaff
Missiles
 e - 8 boomerangs (quivered)
 j - 3 poisoned darts
Armour
 f - a +2 pair of boots (worn)
Magical Staves
 c - a staff of cold (weapon)
Jewellery
 b - a ring of protection from cold (left hand)
Scrolls
 a - a scroll of immolation
 d - a scroll of enchant armour
 k - 2 scrolls of fear
 m - a scroll of vulnerability {unknown}
 o - a scroll of amnesia {unknown}
Potions
 g - 2 potions of curing
 h - a potion of mutation
 i - a potion of ambrosia {unknown}
 n - a potion of lignification {unknown}


   Skills:
 - Level 1.7 Dodging
 - Level 1.7 Stealth
 + Level 4.9 Spellcasting
 - Level 6.0 Conjurations
 + Level 0.0 Necromancy
 - Level 3.0 Translocations
 + Level 0.0 Ice Magic
 + Level 0.0 Evocations


You had 5 spell levels left.
You knew the following spells:

 Your Spells              Type           Power      Damage    Failure   Level
a - Magic Dart            Conj           100%       1d8       1%          1
b - Searing Ray           Conj           56%        2d6       1%          2
c - Iskenderun's Mystic   Conj/Tloc      22%        2d6       19%         4
d - Vampiric Draining     Necr           5%         2d6       34%         3

Your spell library contained the following spells:

 Spells                   Type           Power      Damage    Failure   Level
 Dazzling Flash           Conj/Hex       32%        N/A       11%         3
 Stone Arrow              Conj/Erth      32%        3d9       11%         3
 Animate Skeleton         Necr           10%        N/A       12%         1
 Pain                     Necr           20%        1d5       12%         1
 Confusing Touch          Hex            4%         N/A       34%         3
 Fulminant Prism          Conj/Hex       8%         3d7       34%         4
 Yara's Violent Unravell  Hex/Tmut       2%         3d3       97%         5
 Enfeeble                 Hex            2%         N/A       100%        7
 Lehudib's Crystal Spear  Conj/Erth      8%         10d3      100%        8
 Animate Armour           Summ/Erth      Unusable   N/A       N/A         4

Dungeon Overview and Level Annotations

Branches:
Dungeon (5/15)
 Temple: D:4-7

Altars:
Okawaru


Innate Abilities, Weirdness & Mutations

You can breathe blasts of scalding, opaque steam.
Your pale cyan-grey scales are hard. (AC +6)
You cannot fit into any form of body armour.
You are cold-blooded and may be slowed by cold attacks.
You are immune to the effects of steam.
You tend to lose your temper in combat.


Message History

The searing ray hits the orc warrior.
The orc warrior is lightly wounded. (Press . to maintain the ray.)
The searing ray hits the orc warrior.
The orc warrior is moderately wounded.
The searing ray hits the orc warrior but does no damage.
The orc warrior is moderately wounded.
The orc warrior completely misses you.
The searing ray hits the orc warrior but does no damage.
The orc warrior is moderately wounded.
You finish channelling your searing ray.
The orc warrior hits you with a +0 long sword!
Casting: Searing Ray (safe; 1% risk of failure)
Confirm with . or Enter, or press ? or * to list all spells.
Aiming: Searing Ray (safe; 1% risk of failure)
Press: ? - help, Shift-Dir - straight line, f/p - orc warrior
Aim: an orc warrior, wielding a +0 long sword and wearing a +0 plate armour (moderately wounded, 79% to hit)
The searing ray hits the orc warrior!
The orc warrior is heavily wounded. (Press . to maintain the ray.)
The orc warrior barely misses you.
The searing ray hits the orc warrior but does no damage.
The orc warrior is heavily wounded.
The orc warrior hits you with a +0 long sword.
The searing ray hits the orc warrior but does no damage.
The orc warrior is heavily wounded.
The orc warrior hits you with a +0 long sword!
The searing ray misses the orc warrior.
You finish channelling your searing ray.
The orc warrior hits you with a +0 long sword.
There is an escape hatch in the ceiling here.
Casting: Searing Ray (safe; 1% risk of failure)
Confirm with . or Enter, or press ? or * to list all spells.
The spell is quite dangerous to miscast (19% risk of failure)!
Continue anyway?
You miscast Iskenderun's Mystic Blast.
You are very lightly contaminated with residual magic.
A wave of violent energy washes through your body!
* * * LOW HITPOINT WARNING * * *
The orc warrior hits you with a +0 long sword.
You die...

#.>................#######.....##
##...........####....##........##
........................##.....#
........##.######....#.........##
...........######......###.......
......................##.......##
...##...######...........#.....#
...## ## #.o........######## ...
########..@.......# .
..................#
########..........# #..>.......#
#..........# ############


You could see an orc warrior.

Vanquished Creatures
  An ogre (D:5)
  A phantom (D:5)
  2 scorpions
  A jelly (D:5)
  A bullfrog skeleton (D:5)
  A hound zombie (D:5)
  8 adders
  A howler monkey skeleton (D:5)
  A dart slug (D:3)
  4 orcs
  4 bats
  9 endoplasms
  3 giant cockroaches
  8 goblins
  10 hobgoblins
  A jackal (D:5)
  16 kobolds
  3 quokkas
  7 ball pythons
  6 frilled lizards
  9 rats
97 creatures vanquished.

Vanquished Creatures (collateral kills)
  A hobgoblin (D:2)
  A ball python (D:2)
2 creatures vanquished.

Vanquished Creatures (others)
  14 plants (D:2)
14 creatures vanquished.

Grand Total: 113 creatures vanquished

Notes
Turn   | Place    | Note
-------+----------+-------------------------------------------
     0 | D:1      | hawla the Draconian Conjurer began the quest for the Orb.
     0 | D:1      | Reached XP level 1. HP: 14/14 MP: 3/3
   127 | D:1      | Found a faded altar of an unknown god.
   369 | D:1      | Reached XP level 2. HP: 20/20 MP: 3/5
   372 | D:1      | Learned a level 2 spell: Searing Ray
   606 | D:1      | Reached skill level 1 in Translocations
  1397 | D:2      | Reached XP level 3. HP: 25/26 MP: 3/6
  2204 | D:2      | Reached XP level 4. HP: 4/33 MP: 2/8
  3180 | D:3      | Learned a level 4 spell: Iskenderun's Mystic Blast
  3655 | D:3      | Reached XP level 5. HP: 38/38 MP: 5/9
  4064 | D:4      | Reached skill level 5 in Conjurations
  5158 | D:5      | Entered Level 5 of the Dungeon
  5194 | D:5      | Noticed a phantom
  5206 | D:5      | Killed a phantom
  5207 | D:5      | Reached XP level 6. HP: 34/45 MP: 0/11
  5477 | D:5      | Found an iron altar of Okawaru.
  5639 | D:5      | Noticed an orc warrior
  5652 | D:5      | Gained mutation: You tend to lose your temper in combat.
                  | [potion of mutation]
  5917 | D:5      | Reached skill level 6 in Conjurations
  5917 | D:5      | Your scales start taking on a pale cyan-grey colour.
  5917 | D:5      | Reached XP level 7. HP: 50/50 MP: 6/14
  5917 | D:5      | Gained mutation: You are immune to the effects of steam.
                  | [Pale Draconian growth]
  5921 | D:5      | Learned a level 3 spell: Vampiric Draining
  6147 | D:5      | Slain by an orc warrior

Illustrated notes

Levels and vault maps discovered:
D:1:      psy_arrival_fountain, layout_basic,
          hellmonk_ecumenical_altar_heavens_door
D:2:      layout_basic, lexackson_kobold_supper
D:3:      layout_loops_ring, st_stairs_7, hangedman_decor_clover_reticule
D:4:      layout_basic, kennysheep_path_1, grunt_decor_arrowhead,
          hangedman_feature_mirror
D:5:      layout_rooms, kennysheep_okawaru_gauntlet,
          amcnicky_mini_corridor_feature, minmay_increasing_density

Skill      XL: |  1  2  3  4  5  6 |
---------------+-------------------+-----
Translocations | 1 2 3 |  3.0
Spellcasting   | 3 4 |  4.9
Conjurations   | 5 6 |  6.0
Dodging        | |  1.7
Stealth        | |  1.7

Action                   |  1- 3 |  4- 6 |  7- 9 || total
-------------------------+-------+-------+-------++-------
Melee: Unarmed           |    13 |       |       ||    13
       Tailslap          |     3 |     4 |       ||     7
       Staff             |    11 |    41 |       ||    52
       Punch             |       |     1 |       ||     1
 Cast: Magic Dart        |    25 |    22 |     3 ||    50
       Searing Ray       |    24 |    35 |     2 ||    61
       Iskenderun's Myst |       |     1 |       ||     1
  Use: Scroll            |     3 |     7 |       ||    10
       Potion            |     1 |     4 |       ||     5
 Stab: Sleeping          |       |     2 |       ||     2
Armor: Skin              |    29 |    15 |       ||    44
Dodge: Dodged            |    29 |    47 |     2 ||    78
